 Dungeon Crawl Stone Soup version 0.22.1-1-ga44c0e5 (webtiles) character file.

569 Fang the Chopper (level 7, -8/66 HPs)
             Began as a Gargoyle Berserker on Oct 2, 2018.
             Was a Priest of Trog.
             Mangled by Duvessa
             ... wielding a +0 short sword
              (9 damage)
             ... on level 4 of the Dungeon on Oct 3, 2018.
             The game lasted 00:05:34 (3452 turns).

Fang the Chopper (Gargoyle Berserker)               Turns: 3452, Time: 00:05:35

Health: -8/66      AC:  7    Str: 28    XL:     7   Next: 33%
Magic:  7/7        EV: 13    Int:  7    God:    Trog [***...]
Gold:   241        SH:  0    Dex:  9    Spells: 6/6 levels left

rFire    . . .     SeeInvis .   a - +0 hand axe
rCold    . . .     Gourm    .   (no shield)
rNeg     + + .     Faith    .   b - +0 animal skin
rPois    ∞         Spirit   .   (no helmet)
rElec    +         Reflect  .   (no cloak)
rCorr    .         Harm     .   (no gloves)
MR       .....                  (no boots)
Stlth    ..........             (no amulet)
HPRegen  0.21/turn              i - ring of positive energy
MPRegen  0.10/turn              (no ring)

@: berserking, very quick
A: negative energy resistance 1, electricity resistance, unbreathing,
petrification resistance, rot immunity, AC +4
a: Berserk, Trog's Hand, Renounce Religion


You were on level 4 of the Dungeon.
You worshipped Trog.
Trog was most pleased with you.
You were hungry.

You visited 1 branch of the dungeon, and saw 4 of its levels.

You collected 241 gold pieces.

Inventory:

Hand Weapons
 a - a +0 hand axe (weapon)
Armour
 b - a +0 animal skin (worn)
Jewellery
 i - a ring of positive energy (left hand)
Scrolls
 d - 5 scrolls of teleportation {unknown}
 e - 2 scrolls of random uselessness {unknown}
 g - 2 scrolls of identify {unknown}
 k - 2 scrolls of enchant weapon {unknown}
 m - a scroll of remove curse {unknown}
Potions
 f - a potion of heal wounds {unknown}
 h - 2 potions of haste {unknown}
 j - a potion of mutation {unknown}
 l - a potion of curing {unknown}
Comestibles
 c - 6 rations


   Skills:
 + Level 5.0 Fighting
 + Level 5.5 Axes
 + Level 2.3 Armour
 + Level 3.1 Dodging
 + Level 2.6 Stealth


You had 6 spell levels left.
You didn't know any spells.
Your spell library was empty.

Dungeon Overview and Level Annotations

Branches:
Dungeon (4/15)
 Temple: D:4-7

Altars:
Cheibriados
Gozag
Wu Jian

Annotations:
D:4 Duvessa


Innate Abilities, Weirdness & Mutations

You are resistant to torment.
Your stone body is resilient. (AC +4)
You are immune to poison.
You resist negative energy. (rN+)
You are resistant to electric shocks. (rElec)
You can survive without breathing.
You are immune to petrification.
You are immune to rotting.


Message History

You kill Dowan!
Trog accepts your kill.
Trog appreciates your killing of a magic user.
Duvessa screams in rage.
Your Fighting skill increases to level 5!
You barely miss Duvessa. Duvessa completely misses you. Duvessa misses you.
Things that are here:
a dagger; a robe You hit Duvessa but do no damage.
Duvessa is lightly wounded.
You slash Duvessa!
Duvessa is moderately wounded.
Duvessa closely misses you.
You slash Duvessa!
Duvessa is heavily wounded.
Duvessa hits you with a short sword!
* * * LOW HITPOINT WARNING * * *
Duvessa hits you with a short sword!
You die...

##......###.# #..##
#..##### #.# #.... ##.#
#.# ##.## #..######'##
##... ...........#
#...... ...........#
#...... ............#
#......
............#######
#.....) ........@e......
........
.....$...................
##..###+#...........#####
##. ....... . .......
....... .....## ######


You could see Duvessa (berserk).

Vanquished Creatures
  An ice beast (D:4)
  An ogre (D:3)
  Dowan (D:4)
  A quasit (D:2)
  3 orc priests
  A bullfrog skeleton (D:4)
  2 worker ants
  3 gnolls (D:3)
  3 adders (D:2)
  2 dart slugs (D:1)
  7 leopard geckos
  7 orcs
  4 bats
  A giant cockroach (D:2)
  18 goblins
  7 hobgoblins
  2 jackals (D:2)
  A quokka (D:4)
  2 ball pythons
  5 frilled lizards
  6 kobolds
  8 rats
86 creatures vanquished.

Notes
Turn   | Place    | Note
-------+----------+-------------------------------------------
     0 | D:1      | Fang the Gargoyle Berserker began the quest for the Orb.
     0 | D:1      | Reached XP level 1. HP: 14/14 MP: 1/1
    85 | D:1      | Reached XP level 2. HP: 14/19 MP: 2/2
   488 | D:1      | Reached XP level 3. HP: 21/24 MP: 3/3
   896 | D:2      | Reached ** piety under Trog
  1058 | D:2      | Reached XP level 4. HP: 24/29 MP: 4/4
  1241 | D:2      | Reached skill level 1 in Stealth
  2039 | D:3      | Reached XP level 5. HP: 33/33 MP: 5/5
  2125 | D:3      | Found a snail-covered altar of Cheibriados.
  2208 | D:3      | Noticed an ogre
  2223 | D:3      | Killed an ogre
  2223 | D:3      | Reached XP level 6. HP: 38/38 MP: 6/6
  2300 | D:3      | Found an opulent altar of Gozag.
  2458 | D:3      | Found an ornate altar of the Wu Jian Council.
  2752 | D:4      | Noticed an ice beast
  2768 | D:4      | Killed an ice beast
  2768 | D:4      | Reached skill level 5 in Axes
  3012 | D:4      | Reached XP level 7. HP: 24/44 MP: 7/7
  3013 | D:4      | Reached *** piety under Trog
  3436 | D:4      | Noticed Duvessa
  3437 | D:4      | Noticed Dowan
  3448 | D:4      | Killed Dowan
  3448 | D:4      | Reached skill level 5 in Fighting
  3452 | D:4      | HP: 1/66 [Duvessa/short sword (7)]
  3452 | D:4      | Mangled by Duvessa

Skill      XL: |  1  2  3  4  5  6  7 |
---------------+----------------------+-----
Axes           | 3 4 5 |  5.5
Dodging        | 2 3 |  3.1
Stealth        | 1 2 |  2.6
Fighting       | 4 5 |  5.0
Armour         | |  2.3

Action                   |  1- 3 |  4- 6 |  7- 9 || total
-------------------------+-------+-------+-------++-------
Melee: Hand axe          |   118 |   144 |    37 ||   299
Invok: Berserk           |     1 |     5 |     1 ||     7
 Stab: Sleeping          |     2 |     3 |       ||     5
  Eat: Chunk             |     1 |     3 |     3 ||     7
       Ration            |       |     2 |       ||     2
Armor: Animal skin       |    25 |    54 |     8 ||    87
Dodge: Dodged            |    83 |    94 |    29 ||   206
